 Dungeon Crawl Stone Soup version 0.16-a0-2844-g9b01c91 (webtiles) character file.

23 Gorice the Caller (level 3, 0/31 HPs)
             Began as an Ogre Wanderer on Nov 29, 2014.
             Succumbed to an adder's poison
             ... on level 2 of the Dungeon.
             The game lasted 00:05:55 (992 turns).

Gorice the Caller (Ogre Wanderer)                    Turns: 992, Time: 00:05:55

Health: 0/31       AC:  3    Str: 19    XL:     3   Next: 0%
Magic:  6/6        EV: 15    Int: 11    God:
Gold:   55         SH:  0    Dex: 13    Spells: 1 memorised, 5 levels left

rFire  . . .     SeeInvis .     a - +0 whip
rCold  . . .     Clarity  .     o - +0 robe (curse)
rNeg   . . .     SustAb   .     (shield restricted)
rPois  .         Gourm    .     (helmet restricted)
rElec  .         Spirit   .     (no cloak)
rCorr  .         Warding  .     (gloves unavailable)
rMut   .         Stasis   .     (boots unavailable)
MR     .....                    (no amulet)
Stlth  ++........               (no ring)
                                (no ring)

@: agile, lethally poisoned, not resistant to hostile enchantments, unstealthy
A: unfitting armour, tough skin 1
a: no special abilities


You were on level 2 of the Dungeon.
You were not hungry.

You visited 1 branch of the dungeon, and saw 2 of its levels.

You collected 55 gold pieces.

Inventory:

Hand weapons
 a - a +0 whip (weapon)
 b - a +0 hunting sling
 e - a +0 club
 h - a +0 spear
 i - a +0 club
 m - a +0 club
 u - a +0 club
Missiles
 l - 13 sling bullets
 Z - 79 stones (quivered)
Armour
 d - a +0 robe
 o - a cursed +0 robe (worn)
Scrolls
 k - a scroll of enchant weapon {unknown}
Potions
 c - a potion of lignification
 g - 3 potions of restore abilities
 s - a potion of cancellation {unknown}
Books
 t - a book of Callings

   Spells                             Type                      Level
   a - Summon Small Mammal            Summoning                    1
   b - Call Imp                       Summoning                    2
   c - Call Canine Familiar           Summoning                    3
   d - Summon Guardian Golem          Hexes/Summoning              4
   e - Summon Lightning Spire         Summoning/Air                4
   f - Summon Ice Beast               Ice/Summoning                4
 v - Umoaskud's Compendium of the Barber Surgeon

   Spells                             Type                      Level
   a - Freeze                         Ice                          1
   b - Ensorcelled Hibernation        Hexes/Ice                    2
Comestibles
 f - 2 meat rations
 n - a bread ration
 p - a chunk of flesh
 q - 4 fruits


   Skills:
 + Level 2.0 Maces & Flails
 - Level 1.1 Throwing
 + Level 1.5 Dodging
 - Level 1.0 Stealth
 - Level 2.4 Spellcasting
   Level 1.3 Hexes
 - Level 2.9 Summonings


You had 5 spell levels left.
You knew the following spells:

 Your Spells              Type           Power        Failure   Level  Hunger
a - Summon Small Mammal   Summ           #...         10%         1    ##.....


Dungeon Overview and Level Annotations

Branches:
Dungeon (2/15)

Altars:


Innate Abilities, Weirdness & Mutations

You are too large for most types of armour.
You have tough skin (AC +1).


Message History

You closely miss the adder.
The adder is heavily wounded.
You feel sick. The adder bites you.
* * * LOW HITPOINT WARNING * * *
You hit the adder.
The adder is severely wounded.
* * * LOW HITPOINT WARNING * * *
You feel sick. The adder barely misses you.
Unknown command.
Drink which item? (? for menu, Esc to quit)
You feel refreshed.
It was a potion of restore abilities.
The adder closely misses you. x2
Drink which item? (? for menu, Esc to quit)
Magic courses through your body.
It was a potion of magic.
The adder bites you.
* * * LOW HITPOINT WARNING * * *
Unknown command.
Drink which item? (? for menu, Esc to quit)
You feel agile all of a sudden.
It was a potion of agility.
You die...

##...##
######(....#
...........#
.#####((...####.#
##(.......#
##(..####.#
####.#######((.#
..........##(S.#
####.####....@.#
#..#.#.#####
#.####..#.......#
#.........<.###.#
#####...#####
#..## #..# #..#
...#


You could see an adder.

Vanquished Creatures
  A worm (D:2)
  An ooze (D:1)
  A giant cockroach (D:1)
  5 goblins
  A hobgoblin (D:1)
  2 jackals (D:1)
  A kobold (D:2)
  2 rats (D:1)
14 creatures vanquished.

Notes
Turn   | Place    | Note
--------------------------------------------------------------
     0 | D:1      | Gorice, the Ogre Wanderer, began the quest for the Orb.
     0 | D:1      | Gorice set off with: a book of Callings, Umoaskud's Compendium of the Barber Surgeon, a potion of lignification, a +0 robe, a +0 club, a meat ration
     0 | D:1      | Reached XP level 1. HP: 16/16 MP: 3/3
     0 | D:1      | Identified Umoaskud's Compendium of the Barber Surgeon
     2 | D:1      | Learned a level 1 spell: Summon Small Mammal
   226 | D:1      | Reached skill level 1 in Maces & Flails
   270 | D:1      | Reached skill level 1 in Dodging
   270 | D:1      | Reached XP level 2. HP: 18/24 MP: 5/5
   964 | D:2      | Reached XP level 3. HP: 18/31 MP: 6/6
   991 | D:2      | HP: 1/31 [adder (2)]
   992 | D:2      | Succumbed to an adder's poison

Action                   || total
-------------------------++-------
Melee: Club              ||    48
       Whip              ||    15
 Fire: Hunting sling     ||    12
Throw: Stone             ||    25
  Use: Scroll            ||     2
       Potion            ||     3
